AoeStats
← Jackou75

Pilgrims

510198481Analyzed
3v3 RM · 3d ago on Sep 29, 2026· 34m 52s· 6 players
Game mode
Random Map
Map size
Normal (6 player)
Population
200
Speed
Normal
Resources
Standard
Victory
Conquest
Starting age
Dark Age
Ending age
Imperial Age
RankedLock teamsTeams togetherTeam positionsShared explorationLock speedFull tech treeHidden civsTurbo modeCheats
Victory
Defeat
🇨🇴 Malay · Colombia
1118
+13
🇧🇪 Malians · Belgium
1068
+15
🇻🇪 Persians · Venezuela
1024
+17
🇲🇽 Varangians · Mexico
1065
-16
🇦🇺 Magyars · Australia
1048
-15
🇫🇷 Vikings · France
1032
-14
Zkyzo
4:14 Loom
11:30 Feudal Age
20:03 Castle Age
22:50 Stone Mining
Epileptic Pilot
12:23 Feudal Age
13:11 Loom
14:01 Wheelbarrow
21:03 Gold Mining
21:03 Stone Mining
26:40 Double-Bit Axe
29:07 Castle Age
30:17 Bloodlines
30:07 Husbandry
30:15 Scale Barding Armor
32:04 Pikeman
33:31 Chain Barding Armor
33:12 Scale Mail Armor
Jackou75
11:34 Loom
13:29 Feudal Age
14:21 Double-Bit Axe
17:01 Fletching
17:48 Fishing Lines
22:31 Castle Age
23:31 Medium Warships
25:34 Bow Saw
33:18 Bodkin Arrow
34:28 Crossbowman
Descomponido
8:26 Loom
10:32 Feudal Age
12:31 Double-Bit Axe
13:46 Horse Collar
14:50 Fishing Lines
16:57 Gold Mining
16:58 Stone Mining
19:06 Forging
18:46 Fletching
21:38 Castle Age
21:41 Gillnets
22:50 Gold Shaft Mining
25:17 Iron Casting
24:38 Bodkin Arrow
28:47 Medium Warships
29:23 Wheelbarrow
29:45 Stone Shaft Mining
29:48 Heated Shot
29:54 Murder Holes
29:40 Treadmill Crane
30:27 Ballistics
30:04 Murder Holes
30:32 Thalassocracy
33:11 Heavy Plow
35:45 Imperial Age
34:16 Padded Archer Armor
luisfriasgomez
9:49 Feudal Age
8:27 Loom
10:13 Double-Bit Axe
17:58 Castle Age
16:11 Gold Mining
16:50 Stone Mining
19:25 Bow Saw
22:13 Fletching
23:32 Wheelbarrow
24:18 Bodkin Arrow
26:32 Bloodlines
27:34 Scale Barding Armor
27:40 Forging
33:49 Imperial Age
32:10 Chain Barding Armor
34:34 Cavalier
El tigre Abelardo
8:13 Loom
10:35 Feudal Age
12:42 Scale Barding Armor
17:52 Castle Age
16:20 Stone Mining
21:55 Chain Barding Armor
23:17 Wheelbarrow
22:28 Town Watch
26:01 Gold Mining
26:49 Stone Shaft Mining
26:53 Light Cavalry
27:43 Bloodlines
27:16 Horse Collar
29:02 Forging
28:59 Heavy Plow
30:52 Husbandry
31:30 Iron Casting
34:31 Imperial Age
34:41 Tigui
34:51 Fletching
34:37 Heavy Camel Rider
Connection lost

Rejoining the realm…

Still unreachable

The connection could not be restored.

Session expired

The server has moved on; the page needs a fresh start.